Map: Rhoskallian LE

Players

RogueAgent

  • Race: Zerg Zerg
  • Spawn Location: 12:00

Maraxus

  • Race: Protoss Protoss
  • Spawn Location: 11:00

qqq - Winner!

  • Race: Zerg Zerg
  • Spawn Location: 6:00

Massa - Winner!

  • Race: Terran Terran
  • Spawn Location: 5:00

VOD

Have the link to the VOD?

Description

Time

  • Played on: Oct. 2, 2020, 3:05 p.m.
  • Length: 11:20
Show
View Real Time Build Order
Export as new Build Order

RogueAgent Zerg 

Build Orders: Hatch First, Muta Ling Bane 

Get SALT Encoding   

  12  0:01  Drone  
  13  0:13  Overlord  
  13  0:20  Drone  
  14  0:32  Drone x2  
  14  0:35  Drone  
  17  0:51  Drone  
  18  0:58  Hatchery  
  18  1:03  Drone  
  18  1:07  Extractor  
  17  1:22  Spawning Pool  
  16  1:27  Drone x2  
  18  1:34  Drone  
  19  1:44  Drone  
  20  1:55  Overlord  
  20  2:09  Queen  
  20  2:11  Queen  
  20  2:12  Metabolic Boost  
  24  2:24  Zergling x4  
  24  2:29  Zergling x2  
  28  2:30  Drone x2  
  29  2:46  Drone x2  
  33  2:57  Lair  
  31  3:02  Extractor  
  30  3:06  Drone x5  
  35  3:26  Drone  
  36  3:27  Overlord x2  
  36  3:30  Hatchery  
  35  3:43  Drone  
  36  4:02  Spire  
  35  4:03  Drone  
  35  4:06  Drone x5  
  35  4:07  Drone x5  
  45  4:21  Extractor  
  45  4:22  Extractor  
  41  4:25  Zergling x6  
  41  4:26  Zergling x2  
  41  4:30  Overlord x3  
  45  4:50  Drone x3  
  45  4:51  Drone x3  
  51  4:55  Queen  
  53  5:01  Overseer  
  53  5:04  Extractor  
  53  5:05  Zergling x6  
  53  5:06  Zergling x2  
  56  5:07  Extractor  
  54  5:32  Mutalisk x6  
  54  5:33  Mutalisk  
  54  5:35  Drone x3  
  70  5:36  Drone x2  
  70  5:37  Drone  
  74  5:48  Mutalisk x2  
  71  5:56  Overlord x2  
  71  6:04  Mutalisk x2  
  53  6:56  Queen  
  53  7:01  Drone x3  
  58  7:02  Drone x3  
  61  7:11  Drone x6  
  61  7:12  Drone x2  
  61  7:14  Zerg Flyer Weapons Level 1  
  69  7:29  Drone x2  
  71  7:36  Drone x6  
  77  7:45  Mutalisk x2  
  77  7:48  Overlord  
  82  8:12  Drone  
  82  8:13  Drone x3  
  82  8:15  Drone  
  82  8:17  Drone x4  
  82  8:18  Overlord x2  
  82  8:19  Overlord x2  
  90  8:35  Baneling Nest  
  90  8:37  Drone  
  90  8:38  Drone x2, Evolution Chamber  
  90  8:39  Drone x3  
  90  8:40  Drone  
  95  8:41  Evolution Chamber  
  94  9:07  Mutalisk x11  
  116  9:13  Zerg Melee Weapons Level 1  
  116  9:15  Zerg Ground Armor Level 1  
  116  9:25  Hatchery  
  116  9:41  Hatchery  
  115  9:53  Centrifical Hooks  
  115  9:54  Overlord x2  
  115  9:55  Overlord x4  
  111  10:30  Zergling x2  
  111  10:31  Zergling x32  
  128  10:44  Zergling x2  
  128  10:45  Zergling x20  
  112  10:59  Zergling x4  
Show
View Real Time Build Order
Export as new Build Order

Maraxus Protoss 

Build Orders:  

Get SALT Encoding   

  12  0:04  Probe  
  13  0:21  Probe  
  14  0:33  Probe  
  14  0:34  Pylon  
  15  0:46  Assimilator  
  15  0:54  Probe (Chrono Boost)  
  16  0:59  Probe (Chrono Boost)  
  17  1:05  Gateway  
  17  1:09  Probe (Chrono Boost)  
  19  1:19  Probe (Chrono Boost)  
  19  1:24  Probe (Chrono Boost)  
  20  1:36  Probe  
  21  1:43  Nexus  
  21  1:48  Probe  
  22  1:55  Cybernetics Core  
  22  2:00  Probe  
  23  2:02  Assimilator  
  23  2:43  Pylon  
  23  2:45  Pylon  
  23  2:53  Warp Gate  
  23  2:54  Probe  
  26  3:04  Stalker (Chrono Boost)  
  26  3:13  Gateway  
  26  3:20  Pylon  
  26  3:25  Stalker  
  26  3:26  Probe  
  29  3:38  Probe  
  30  3:49  Probe  
  30  3:51  Probe  
  30  3:55  Stalker  
  34  4:01  Probe  
  35  4:04  Probe  
  36  4:16  Probe  
  37  4:18  Robotics Facility  
  37  4:24  Zealot  
  37  4:25  Zealot  
  37  4:30  Probe  
  42  4:32  Probe  
  43  4:42  Probe, Robotics Facility  
  43  4:44  Probe  
  45  4:47  Robotics Facility  
  45  4:54  Probe  
  45  4:56  Probe, Gateway  
  45  4:57  Gateway  
  47  5:00  Gateway  
  47  5:02  Pylon  
  39  5:16  Sentry x2  
  33  5:44  Zealot x2  
  33  5:51  Immortal  
  35  5:59  Zealot  
  35  6:00  Zealot x2  
  33  6:16  Twilight Council  
  33  6:19  Shield Battery  
  33  6:23  Forge  
  33  6:26  Stalker  
  33  6:27  Stalker  
  33  6:28  Zealot  
  37  6:47  Immortal  
  37  7:01  Zealot  
  39  7:02  Protoss Ground Weapons Level 1 (Chrono Boost)  
  39  7:20  Robotics Bay  
  39  7:23  Pylon  
  39  7:25  Pylon  
  39  7:37  Gateway  
  39  7:38  Pylon  
  39  7:43  Pylon  
  39  7:46  Immortal  
  39  7:48  Zealot  
  39  7:49  Zealot  
  47  8:02  Charge  
  47  8:18  Extended Thermal Lance  
  47  8:22  Zealot  
  47  8:25  Zealot  
  51  8:51  Probe  
  52  9:13  Nexus  
  52  9:29  Colossus (Chrono Boost)  
  58  9:40  Probe  
  60  9:52  Probe  
  60  9:55  Observer  
  61  10:17  Colossus (Chrono Boost)  
  67  10:25  Probe  
  68  10:37  Probe  
  68  10:42  Zealot  
  41  10:55  Zealot  
  41  10:56  Zealot  
  41  11:13  Zealot  
Show
View Real Time Build Order
Export as new Build Order

qqq Zerg - Winner!

Build Orders: Hatch First 

Get SALT Encoding   

  12  0:02  Drone  
  13  0:08  Drone  
  14  0:36  Hatchery  
  13  0:47  Drone  
  14  0:57  Spawning Pool  
  13  1:06  Overlord  
  13  1:09  Drone  
  14  1:16  Extractor, Drone  
  14  1:24  Drone  
  15  1:53  Drone  
  16  1:55  Queen  
  16  1:56  Overlord  
  16  1:57  Drone  
  19  2:01  Drone  
  19  2:02  Drone  
  21  2:10  Drone  
  22  2:19  Spine Crawler  
  22  2:21  Drone  
  22  2:22  Drone  
  23  2:25  Zergling x2  
  24  2:32  Zergling x2  
  24  2:33  Drone  
  26  2:45  Queen  
  26  2:46  Drone  
  26  2:48  Metabolic Boost  
  29  2:52  Zergling x2  
  29  2:54  Drone  
  31  2:59  Zergling x2  
  31  3:04  Drone x2  
  34  3:17  Drone  
  35  3:24  Zergling x2, Overlord  
  35  3:25  Overlord  
  36  3:32  Baneling Nest  
  36  3:33  Zergling x2  
  36  3:35  Overlord  
  36  3:43  Drone x2  
  36  3:45  Zergling x2  
  36  3:47  Zergling x2  
  40  4:03  Zergling x4  
  40  4:04  Zergling x4  
  40  4:05  Zergling x2  
  45  4:19  Hatchery  
  45  4:22  Zergling x4  
  46  4:27  Zergling x6  
  46  4:28  Zergling x6  
  46  4:30  Baneling x4  
  46  4:31  Baneling x3  
  52  4:33  Overlord  
  52  4:37  Overlord  
  52  4:51  Zergling x6  
  55  4:52  Overlord  
  55  4:53  Overlord  
  53  5:14  Zergling x4  
  53  5:15  Zergling x6  
  53  5:16  Zergling x4  
  55  5:57  Zergling x4  
  55  5:58  Zergling x8  
  55  5:59  Zergling x6  
  59  6:09  Zergling x2  
  59  6:10  Zergling x4  
  56  6:20  Zergling x2  
  56  6:21  Zergling x4  
  49  6:31  Zergling x2  
  47  6:33  Lair  
  47  6:35  Spore Crawler  
  47  6:36  Spore Crawler  
  45  6:40  Drone  
  45  6:41  Queen  
  45  6:42  Drone  
  45  6:43  Drone x2  
  45  6:44  Zergling x2  
  47  6:55  Hatchery  
  42  7:01  Spore Crawler  
  42  7:05  Spore Crawler  
  42  7:06  Drone x2  
  42  7:07  Drone x4  
  46  7:09  Extractor  
  46  7:14  Extractor, Spore Crawler  
  44  7:15  Drone  
  44  7:16  Spore Crawler  
  44  7:21  Drone  
  44  7:26  Spore Crawler  
  44  7:28  Spore Crawler  
  42  7:31  Spore Crawler  
  42  7:34  Drone x2  
  43  7:38  Drone  
  43  7:39  Drone  
  45  7:47  Hydralisk Den  
  44  8:02  Drone x2  
  44  8:04  Drone x2  
  44  8:05  Drone  
  49  8:07  Extractor  
  48  8:13  Zergling x6  
  48  8:14  Zergling x2  
  48  8:15  Drone x3  
  48  8:16  Drone x2  
  48  8:18  Muscular Augments  
  57  8:20  Hydralisk x3  
  57  8:25  Pneumatized Carapace  
  63  8:28  Drone  
  63  8:29  Drone  
  63  8:31  Drone  
  66  8:40  Hydralisk x2  
  70  8:41  Hydralisk  
  70  8:45  Hydralisk  
  74  8:50  Overlord  
  74  8:52  Overlord  
  74  8:58  Overseer  
  74  9:11  Drone x3  
  74  9:13  Drone, Hydralisk x3  
  74  9:14  Hydralisk  
  86  9:20  Drone x2  
  86  9:22  Evolution Chamber  
  86  9:23  Hydralisk  
  89  9:29  Grooved Spines  
  89  9:30  Overlord  
  89  9:34  Infestation Pit  
  88  9:44  Hydralisk  
  88  9:45  Spore Crawler  
  89  9:46  Overlord  
  89  9:47  Drone  
  90  9:59  Hydralisk  
  90  10:00  Hydralisk x2  
  90  10:01  Hydralisk  
  90  10:03  Overlord x2  
  90  10:04  Drone x2  
  90  10:05  Drone  
  90  10:06  Spore Crawler  
  99  10:10  Spore Crawler  
  99  10:11  Spore Crawler  
  99  10:14  Hydralisk  
  87  10:21  Drone x2, Spore Crawler  
  86  10:26  Drone x2  
  74  10:53  Hydralisk x3  
  74  10:54  Hydralisk x3  
Show
View Real Time Build Order
Export as new Build Order

Massa Terran - Winner!

Build Orders: 2 Factory 

Get SALT Encoding   

  12  0:00  SCV  
  13  0:12  SCV  
  14  0:22  Supply Depot  
  14  0:24  SCV  
  15  0:36  Refinery  
  15  0:44  SCV  
  15  0:46  Barracks  
  16  0:56  SCV  
  17  1:08  SCV  
  18  1:14  Refinery  
  18  1:20  SCV  
  19  1:32  SCV  
  20  1:37  Factory, Marine  
  21  1:44  SCV  
  22  1:58  Reaper  
  23  2:02  Orbital Command  
  23  2:07  Supply Depot  
  23  2:22  Factory Tech Lab, Factory  
  23  2:30  SCV, Marine  
  28  2:46  Widow Mine  
  27  2:55  Command Center  
  27  2:58  SCV  
  27  3:03  Marine  
  29  3:05  Factory Tech Lab  
  29  3:10  SCV  
  29  3:30  Supply Depot  
  29  3:34  Engineering Bay  
  29  3:49  Supply Depot  
  29  3:52  Siege Tank x2  
  35  4:03  SCV  
  36  4:15  SCV  
  36  4:19  Marine  
  36  4:22  Orbital Command  
  36  4:24  Siege Tank  
  40  4:27  SCV  
  41  4:37  Marine  
  42  4:40  Missile Turret  
  42  4:43  SCV, Missile Turret  
  43  4:49  Siege Tank  
  43  4:50  SCV  
  47  4:55  SCV  
  47  4:56  Siege Tank  
  47  4:58  Marine  
  52  5:02  SCV  
  52  5:03  Supply Depot  
  52  5:04  Terran Infantry Weapons Level 1  
  53  5:21  Siege Tank  
  53  6:00  SCV x2  
  55  6:05  Command Center  
  55  6:08  Command Center  
  55  6:10  Siege Tank  
  55  6:11  Siege Tank  
  61  6:12  SCV x2  
  61  6:18  Barracks Tech Lab  
  63  6:24  SCV  
  53  6:51  Marine  
  54  6:56  Barracks x2  
  54  6:58  Terran Infantry Armor Level 1, Barracks  
  54  6:59  Barracks  
  54  7:02  Armory  
  54  7:07  Starport  
  54  7:08  Marine  
  54  7:10  Missile Turret  
  54  7:15  Missile Turret  
  55  7:16  Cyclone  
  58  7:26  Marine  
  59  7:34  SCV x2  
  59  7:36  Orbital Command  
  62  7:38  Orbital Command  
  62  7:42  Cyclone  
  64  7:44  Marine  
  64  7:45  Marine  
  64  7:46  SCV, Marine  
  64  7:47  Marine  
  64  7:48  Cyclone  
  72  7:59  Missile Turret  
  72  8:01  Missile Turret  
  72  8:02  Marine  
  72  8:03  SCV x2, Marine, Missile Turret  
  72  8:04  Marine  
  72  8:05  Marine  
  78  8:11  Missile Turret  
  78  8:13  Marine  
  78  8:15  Stimpack  
  79  8:20  Cyclone, Marine x2  
  79  8:22  Marine  
  79  8:26  Refinery  
  85  8:27  Refinery  
  85  8:40  Barracks Reactor, Marine x2  
  85  8:41  Marine x2  
  89  8:49  Viking  
  91  8:58  Marine x3  
  91  8:59  Marine  
  95  9:16  Marine x3  
  99  9:25  Missile Turret  
  99  9:27  Missile Turret  
  99  9:29  Mag-Field Accelerator  
  99  9:34  Marine x2  
  99  9:35  Barracks Reactor  
  100  9:46  Missile Turret  
  100  9:47  Supply Depot  
  100  9:48  Missile Turret  
  100  9:50  Supply Depot x2  
  100  10:08  Barracks Reactor, Marine x2, Missile Turret  
  100  10:09  Cyclone x2  
  100  10:11  Missile Turret  
  100  10:13  Supply Depot  
  108  10:14  Supply Depot  
  108  10:16  Supply Depot  
  108  10:20  Missile Turret  
  108  10:21  Marine x4, Missile Turret  
  109  10:26  Marine x2  
  114  10:31  Missile Turret  
  114  10:37  Supply Depot  
  114  10:38  Marine, Supply Depot  
  114  10:39  Marine x2, Missile Turret  
  114  10:41  Cyclone  
Tags
 
Add a new tag
Caveats
  • Supply blocks, unpowered buildings, or Contaminate may cause inaccurate times.
  • Supply counts are checked every 10 seconds.